AoeStats
← AdoreIvy8841

Arabia

510005302Analyzed
1v1 RM · 5d ago on Sep 29, 2026· 43m 42s· 2 players
Game mode
Random Map
Map size
Tiny (2 player)
Population
200
Speed
Normal
Resources
Standard
Victory
Conquest
Starting age
Dark Age
Ending age
Imperial Age
RankedLock teamsTeams togetherTeam positionsShared explorationLock speedFull tech treeHidden civsTurbo modeCheats
Victory
Defeat
🇲🇽 Mongols · Mexico
1149
+16
🇺🇾 Persians · Uruguay
1153
-16
AdoreIvy8841
5:11 Loom
7:43 Feudal Age
8:31 Double-Bit Axe
19:59 Castle Age
18:04 Horse Collar
18:24 Gold Mining
20:50 Wheelbarrow
20:49 Bloodlines
20:35 Fletching
21:06 Husbandry
21:24 Bow Saw
22:16 Bodkin Arrow
28:57 Padded Archer Armor
30:09 Thumb Ring
32:47 Scale Barding Armor
35:50 Forging
37:22 Chain Barding Armor
39:54 Ballistics
_TechnoViking_
5:53 Loom
9:04 Feudal Age
9:24 Double-Bit Axe
12:59 Horse Collar
20:56 Castle Age
19:05 Gold Mining
20:06 Forging
20:41 Bloodlines
22:01 Bow Saw
22:55 Husbandry
23:52 Scale Barding Armor
25:06 Heavy Plow
25:24 Elite Skirmisher
26:23 Fletching
25:58 Elite Skirmisher
29:08 Padded Archer Armor
31:40 Bodkin Arrow
33:18 Ballistics
37:55 Imperial Age
36:22 Leather Archer Armor
36:59 Thumb Ring
38:01 Chain Barding Armor
38:50 Ring Archer Armor
41:22 Stone Mining
42:30 Plate Barding Armor
42:47 Iron Casting
41:41 Cavalier
Connection lost

Rejoining the realm…

Still unreachable

The connection could not be restored.

Session expired

The server has moved on; the page needs a fresh start.